 Dungeon Crawl Stone Soup version 0.30.0-30-g96aa6591b8 (webtiles) character file.

Game seed: 10594853392963079232

774 ANNNA the Chiller (level 7, -3/51 HPs)
             Began as a Black Draconian Ice Elementalist on June 26, 2023.
             Slain by a mummy (13 damage)
             ... in an ossuary.
             The game lasted 00:21:03 (4826 turns).

ANNNA the Chiller (DrIE)                            Turns: 4826, Time: 00:21:03

Health: -3/51      AC: 15    Str: 11    XL:     7   Next: 53%
Magic:  0/15       EV: 12    Int: 17    God:
Gold:   304        SH:  0    Dex: 11    Spells: 9/16 levels left

rFire   . . .        e - +0 short sword
rCold   . . .        (no shield)
rNeg    . . .        (body armour unavailable)
rPois   .            (helmet restricted)
rElec   +            r - +0 cloak
rCorr   .            (no gloves)
SInv    .            (no boots)
Will    .....        (no amulet)
Stlth   ++           n - +4 ring of protection
HPRegen 0.28/turn    w - +4 ring of protection
MPRegen 0.14/turn

%: no passive effects
@: marked
A: breathe lightning, AC +6, unfitting armour, electricity resistance,
cold-blooded
a: Breathe Lightning


You were in an ossuary.
You visited 1 branch of the dungeon, and saw 5 of its levels.
You also visited: Sewer and Ossuary.

You collected 304 gold pieces.

Inventory:

Hand Weapons
 e - a +0 short sword (weapon)
Missiles
 d - 47 stones (quivered)
 p - a curare-tipped dart
 q - 11 poisoned darts
Armour
 r - a +0 cloak (worn)
Jewellery
 n - a +4 ring of protection (left hand)
 w - a +4 ring of protection (right hand)
Scrolls
 f - 2 scrolls of fog {unknown}
 g - a scroll of noise
 i - a scroll of torment {unknown}
 j - 3 scrolls of enchant armour {unknown}
 k - 2 scrolls of amnesia {unknown}
 l - 6 scrolls of teleportation
 m - a scroll of poison {unknown}
 o - a scroll of blinking {unknown}
 s - 2 scrolls of magic mapping
 t - a scroll of fear {unknown}
 u - a scroll of silence {unknown}
 x - a scroll of acquirement {unknown}
Potions
 a - a potion of magic
 b - 4 potions of brilliance
 c - 2 potions of degeneration {unknown}
 h - 7 potions of curing
 v - a potion of cancellation {unknown}


   Skills:
 + Level 0.8 Fighting
 + Level 2.6 Short Blades
 * Level 3.4 Dodging
 + Level 2.1 Stealth
 + Level 0.1 Unarmed Combat
 * Level 5.4 Spellcasting
 + Level 5.7 Ice Magic


You had 9 spell levels left.
You knew the following spells:

 Your Spells              Type           Power      Damage    Failure   Level
a - Freeze                Ice            96%        1d10      1%          1
b - Frozen Ramparts       Ice            48%        1d8       3%          3
c - Ozocubu's Armour      Ice            24%        N/A       3%          3

Your spell library contained the following spells:

 Spells                   Type           Power      Damage    Failure   Level
 Blink                    Tloc           8%         N/A       21%         2
 Summon Ice Beast         Ice/Summ       14%        N/A       38%         4
 Manifold Assault         Tloc           4%         N/A       80%         4
 Storm Form               Tmut/Air       2%         N/A       100%        7


Dungeon Overview and Level Annotations

Branches:
Dungeon (5/15)             Temple (0/1) D:5           Sewer (visited)
Ossuary (1/1)

Altars:
Fedhas

Annotations:
D:2 Sigmund


Innate Abilities, Weirdness & Mutations

You can breathe wild blasts of lightning.
Your glossy black scales are hard. (AC +6)
You cannot fit into any form of body armour.
You are resistant to electric shocks. (rElec)
You are cold-blooded and may be slowed by cold attacks.


Message History

Confirm with . or Enter, or press ? or * to list all spells.
Aiming: Freeze (safe; 1% risk of failure)
Press: ? - help, Shift-Dir - straight line, f - mummy
Aim: a mummy (lightly damaged)
You freeze the mummy.
The mummy resists.
The mummy is moderately damaged.
The mummy hits you.
* * * LOW HITPOINT WARNING * * *
Casting: Freeze (safe; 1% risk of failure)
Confirm with . or Enter, or press ? or * to list all spells.
Aiming: Freeze (safe; 1% risk of failure)
Press: ? - help, Shift-Dir - straight line, f/p - mummy
Aim: a mummy (moderately damaged)
You freeze the mummy.
The mummy resists.
The mummy is heavily damaged.
Unknown command.
You hit the mummy.
The mummy is severely damaged.
The mummy hits you but does no damage.
Casting: Freeze (safe; 1% risk of failure)
Confirm with . or Enter, or press ? or * to list all spells.
Aiming: Freeze (safe; 1% risk of failure)
Press: ? - help, Shift-Dir - straight line, f/p - mummy
Aim: a mummy (severely damaged)
You freeze the mummy.
The mummy resists.
The mummy is almost destroyed.
The mummy hits you but does no damage.
You hit the mummy but do no damage.
The mummy is almost destroyed.
You hit the mummy but do no damage.
The mummy is almost destroyed.
The mummy misses you.
You barely miss the mummy.
You tail-slap the mummy, but do no damage.
The mummy is almost destroyed.
You barely miss the mummy.
You tail-slap the mummy, but do no damage.
The mummy is almost destroyed.
The mummy hits you!
You die...

#####
##..@##
#..M..#
#.....#
#.....#
#.....#
#..∩..#
#.....#
#..∩..#
#.....#


You could see a mummy.

Vanquished Creatures
  A black bear (D:4)
  3 kobold brigands (Sewer)
  A scorpion (D:4)
  A centaur zombie (Ossuary)
  2 jellies
  2 sleepcaps
  5 mummies (Ossuary)
  6 adders
  A river rat (Sewer)
  An ufetubus (D:4)
  3 worms
  2 dart slugs
  15 orcs
  9 ball pythons
  10 endoplasms
  4 giant cockroaches
  3 goblins
  6 hobgoblins
  2 jackals (D:4)
  5 quokkas
  6 bats
  4 frilled lizards
  2 hobgoblin zombies (Ossuary)
  18 kobolds
  12 rats
124 creatures vanquished.

Notes
Turn   | Place    | Note
-------+----------+-------------------------------------------
     0 | D:1      | ANNNA the Draconian Ice Elementalist began the quest for
                  | the Orb.
     0 | D:1      | Reached XP level 1. HP: 14/14 MP: 3/3
   178 | D:1      | Reached XP level 2. HP: 20/20 MP: 5/5
   565 | D:1      | Found a faded altar of an unknown god.
   957 | D:2      | Reached XP level 3. HP: 26/26 MP: 6/6
   999 | D:2      | Noticed Sigmund
  1006 | D:2      | Learned a level 3 spell: Frozen Ramparts
  1439 | D:3      | Reached skill level 1 in Short Blades
  1486 | D:3      | Reached XP level 4. HP: 33/33 MP: 2/8
  1725 | D:3      | Found a glowing drain.
  1777 | Sewer    | Entered a sewer
  1790 | Sewer    | Learned a level 3 spell: Ozocubu's Armour
  1836 | Sewer    | Noticed a kobold brigand
  1852 | Sewer    | Killed a kobold brigand
  1853 | Sewer    | Reached XP level 5. HP: 39/39 MP: 1/10
  2597 | Sewer    | Reached XP level 6. HP: 44/46 MP: 1/12
  2749 | Sewer    | Reached skill level 5 in Ice Magic
  3877 | D:4      | Reached skill level 5 in Spellcasting
  3970 | D:4      | Found a blossoming altar of Fedhas.
  3987 | D:4      | Your scales start taking on a glossy black colour.
  3987 | D:4      | Reached XP level 7. HP: 49/51 MP: 14/14
  3987 | D:4      | Gained mutation: You are resistant to electric shocks.
                  | (rElec) [Black Draconian growth]
  4445 | D:5      | Entered Level 5 of the Dungeon
  4498 | D:5      | Found a sand-covered staircase.
  4498 | D:5      | Noticed a hornet
  4552 | Ossuary  | Entered an ossuary
  4826 | Ossuary  | Slain by a mummy

Illustrated notes

Levels and vault maps discovered:
D:1:      evilmike_arrival_rings, layout_rooms, shapermc_ecumenical_altar_gd
D:2:      layout_rooms, minmay_misc_feat_rugged, uniq_sigmund
D:3:      layout_loops_cross, portal_sewer_entry_e
D:4:      layout_gridville, overflow_temple_1_default
D:5:      layout_cave_pools, minmay_temple_entry_junction_2,
          nicolae_ossuary_entry_monument, gammafunk_ghost_split
Ossuary:  ossuary_the_hunt_dpeg

Skill      XL: |  1  2  3  4  5  6  7 |
---------------+----------------------+-----
Dodging        | 2 3 |  3.4
Short Blades   | 1 2 |  2.6
Spellcasting   | 3 4 5 |  5.4
Ice Magic      | 5 |  5.7
Stealth        | 2 |  2.1
Fighting       | |  0.8
Unarmed Combat | |  0.1

Action                     |  1- 3 |  4- 6 |  7- 9 || total
---------------------------+-------+-------+-------++-------
  Melee: Unarmed           |    29 |       |       ||    29
         Short sword       |    51 |   106 |   104 ||   261
         Tailslap          |    11 |    14 |    22 ||    47
         Punch             |     1 |     1 |     3 ||     5
  Throw: Stone             |       |       |     2 ||     2
   Cast: Freeze            |    33 |    35 |    14 ||    82
         Frozen Ramparts   |     1 |    15 |    10 ||    26
         Ozocubu's Armour  |       |     6 |     7 ||    13
    Use: Scroll            |     2 |     2 |     2 ||     6
   Stab: Sleeping          |     2 |     3 |     1 ||     6
 Armour: Skin              |    33 |    69 |    60 ||   162
  Dodge: Dodged            |    72 |    89 |    77 ||   238
